[ AOE2 MATCH · #477523732 ]
UnrankedItalians vs Spanish
[ REPLAY ANALYSIS · EXTRACTED FROM THE RECORDED GAME ]
Feudal
13:56
Castle
—
Imperial
—
| APM avg | 36.3 |
| APM peak | 67 |
| eAPM avg | 16.2 |
| Villagers / military | 59 / 23 |
Focus
⚔️ 26.9% · 🌾 73.1%
Skirmisher ×19 · Archer ×4
Feudal
13:04
Castle
—
Imperial
—
| APM avg | 29.9 |
| APM peak | 47 |
| eAPM avg | 12.3 |
| Villagers / military | 33 / 26 |
Focus
⚔️ 24.5% · 🌾 75.5%
Archer ×23 · Spearman ×3
Feudal
13:23
Castle
17:03
Imperial
—
| APM avg | 22.3 |
| APM peak | 51 |
| eAPM avg | 11.1 |
| Villagers / military | 46 / 12 |
Focus
⚔️ 23.0% · 🌾 77.0%
Conquistador ×12
Feudal
11:42
Castle
—
Imperial
—
| APM avg | 38.1 |
| APM peak | 86 |
| eAPM avg | 14.5 |
| Villagers / military | 35 / 6 |
Focus
⚔️ 19.1% · 🌾 80.9%
Spearman ×6
Feudal
11:57
Castle
21:12
Imperial
—
| APM avg | 43.3 |
| APM peak | 78 |
| eAPM avg | 20.3 |
| Villagers / military | 50 / 12 |
Focus
⚔️ 35.8% · 🌾 64.2%
Flemish Militia ×7 · Skirmisher ×4 · Cavalry Archer ×1
Feudal
12:47
Castle
—
Imperial
—
| APM avg | 32.4 |
| APM peak | 82 |
| eAPM avg | 12.2 |
| Villagers / military | 42 / 22 |
Focus
⚔️ 25.9% · 🌾 74.1%
Scout Cavalry ×21 · Spearman ×1
Feudal
11:37
Castle
—
Imperial
—
| APM avg | 54.7 |
| APM peak | 92 |
| eAPM avg | 27.7 |
| Villagers / military | 39 / 32 |
Focus
⚔️ 22.1% · 🌾 77.9%
Scout Cavalry ×14 · Archer ×11 · Skirmisher ×7
Feudal
12:25
Castle
21:46
Imperial
—
| APM avg | 33.2 |
| APM peak | 103 |
| eAPM avg | 12.8 |
| Villagers / military | 32 / 15 |
Focus
⚔️ 28.2% · 🌾 71.8%
Scout Cavalry ×7 · Cavalry Archer ×5 · Spearman ×3
Match map
Initial resources + every placement click. Lines = walls · curves = elevation contours. ◆ gold · ⬟ stone · ● berries · ✦ relic · ◌ wall gap
Your base· Open — unwalled flank
Simon Stokvis's base· Open — unwalled flank
prahappy's base· Open — unwalled flank
king of the North's base· Open — 9t gap
Lucky23's base· Open — 13t gap
pokka86's base· Open — unwalled flank
Topspin's base· Open — unwalled flank
N3mu's base· Open — unwalled flank
Smoothed initial terrain · ◌ = detected wall gap · hover for details
Inputs per minute
— kingprodios - - Simon Stokvis
Build order — kingprodios
117 actions detected in the replay
| 0:53 | Build | Town Center |
| 1:50 | Build | Palisade Wall |
| 1:52 | Build | Palisade Wall |
| 1:53 | Build | Palisade Wall |
| 1:55 | Build | Palisade Wall |
| 2:52 | Build | House |
| 3:02 | Create | Villager (Male) |
| 3:02 | Create | Villager (Male) |
| 3:03 | Create | Villager (Male) |
| 3:03 | Create | Villager (Male) |
| 3:03 | Create | Villager (Male) |
| 3:03 | Create | Villager (Male) |
| 4:24 | Create | Villager (Male) |
| 4:24 | Create | Villager (Male) |
| 4:24 | Create | Villager (Male) |
| 4:52 | Create | Villager (Male) |
| 4:52 | Create | Villager (Male) |
| 4:52 | Create | Villager (Male) |
| 5:06 | Create | Villager (Male) |
| 5:06 | Create | Villager (Male) |
| 5:07 | Create | Villager (Male) |
| 5:18 | Build | Lumber Camp |
| 5:21 | Create | Villager (Male) |
| 5:21 | Create | Villager (Male) |
| 5:21 | Create | Villager (Male) |
| 5:29 | Build | House |
| 5:49 | Create | Villager (Male) |
| 5:49 | Create | Villager (Male) |
| 5:49 | Create | Villager (Male) |
| 6:37 | Create | Villager (Male) |
| 6:37 | Create | Villager (Male) |
| 6:37 | Create | Villager (Male) |
| 6:38 | Create | Villager (Male) |
| 6:57 | Create | Villager (Male) |
| 6:57 | Create | Villager (Male) |
| 7:03 | Build | Mill |
| 7:28 | Create | Villager (Male) |
| 7:28 | Create | Villager (Male) |
| 7:28 | Create | Villager (Male) |
| 7:44 | Create | Villager (Male) |
| 7:44 | Create | Villager (Male) |
| 7:45 | Create | Villager (Male) |
| 7:49 | Build | House |
| 8:19 | Create | Villager (Male) |
| 8:20 | Create | Villager (Male) |
| 8:42 | Create | Villager (Male) |
| 8:42 | Create | Villager (Male) |
| 8:42 | Create | Villager (Male) |
| 8:42 | Create | Villager (Male) |
| 9:27 | Create | Villager (Male) |
| 9:27 | Create | Villager (Male) |
| 9:28 | Create | Villager (Male) |
| 9:57 | Create | Villager (Male) |
| 9:57 | Create | Villager (Male) |
| 9:57 | Create | Villager (Male) |
| 10:05 | Build | House |
| 10:29 | Build | House |
| 10:40 | Create | Villager (Male) |
| 10:55 | Build | House |
| 11:05 | Research | Loom |
| 11:42 | Build | Mill |
| 11:46 | Research | Feudal Age |
| 12:36 | Build | Barracks |
| 13:11 | Create | Villager (Male) |
| 13:25 | Build | House |
| 13:30 | Build | House |
| 13:33 | Build | House |
| 13:41 | Build | Palisade Wall |
| 13:42 | Build | Palisade Wall |
| 13:50 | Build | Palisade Wall |
| 13:56 | Age | Feudal Age |
| 13:58 | Build | Palisade Wall |
| 14:31 | Create | Villager (Male) |
| 14:31 | Create | Villager (Male) |
| 14:41 | Build | Gate |
| 15:04 | Build | Archery Range |
| 15:14 | Create | Villager (Male) |
| 16:13 | Create | Archer |
| 16:13 | Create | Archer |
| 16:18 | Build | Mining Camp |
| 16:25 | Build | House |
| 16:28 | Create | Villager (Male) |
| 16:31 | Create | Skirmisher |
| 16:34 | Research | Double-Bit Axe |
| 16:35 | Research | Double-Bit Axe |
| 16:35 | Research | Double-Bit Axe |
| 17:02 | Build | Farm |
| 17:28 | Research | Gold Mining |
| 17:35 | Create | Villager (Male) |
| 17:35 | Create | Villager (Male) |
| 17:36 | Create | Villager (Male) |
| 17:55 | Create | Archer |
| 17:59 | Create | Villager (Male) |
| 18:10 | Create | Villager (Male) |
| 18:23 | Create | Archer |
| 18:32 | Build | Blacksmith |
| 18:47 | Build | Blacksmith |
| 18:52 | Create | Villager (Male) |
| 19:46 | Create | Villager (Male) |
| 19:55 | Create | Skirmisher |
| 19:55 | Create | Skirmisher |
| 20:01 | Build | Archery Range |
| 20:03 | Research | Castle Age |
| 20:04 | Research | Castle Age |
| 20:04 | Research | Castle Age |
| 20:07 | Research | Castle Age |
| 20:49 | Build | Outpost |
| 21:05 | Create | Skirmisher ×5 |
| 21:05 | Create | Skirmisher ×5 |
| 21:07 | Research | Fletching |
| 21:07 | Research | Padded Archer Armor |
| 21:07 | Research | Fletching |
| 21:07 | Research | Padded Archer Armor |
| 21:32 | Create | Skirmisher ×3 |
| 21:32 | Create | Skirmisher ×3 |
| 21:37 | Create | Villager (Male) |
| 21:58 | Build | Mill |
Build order — Simon Stokvis
91 actions detected in the replay
| 0:48 | Build | Lumber Camp |
| 1:04 | Build | Town Center |
| 3:08 | Create | Villager (Male) |
| 3:08 | Create | Villager (Male) |
| 3:08 | Create | Villager (Male) |
| 3:48 | Create | Villager (Male) |
| 4:12 | Research | Loom |
| 4:16 | Create | Villager (Male) |
| 5:06 | Create | Villager (Male) |
| 6:12 | Create | Villager (Male) |
| 6:12 | Create | Villager (Male) |
| 6:14 | Create | Villager (Male) |
| 6:14 | Create | Villager (Male) |
| 6:14 | Create | Villager (Male) |
| 6:45 | Create | Villager (Male) |
| 7:04 | Create | Villager (Male) |
| 7:14 | Create | Villager (Male) |
| 8:28 | Create | Villager (Male) |
| 8:29 | Create | Villager (Male) |
| 9:16 | Build | Mill |
| 9:19 | Create | Villager (Male) |
| 9:46 | Create | Villager (Male) |
| 10:27 | Build | Mining Camp |
| 10:54 | Research | Feudal Age |
| 11:03 | Build | Barracks |
| 11:44 | Build | Lumber Camp |
| 12:16 | Create | Villager (Male) |
| 12:16 | Create | Villager (Male) |
| 12:47 | Build | Palisade Wall |
| 12:50 | Build | Palisade Gate |
| 13:04 | Age | Feudal Age |
| 13:08 | Build | Archery Range |
| 13:31 | Build | Blacksmith |
| 13:35 | Create | Villager (Male) |
| 13:38 | Create | Spearman |
| 13:43 | Build | Palisade Wall |
| 13:44 | Build | Palisade Wall |
| 13:44 | Build | Palisade Wall |
| 13:59 | Create | Spearman |
| 14:00 | Create | Spearman |
| 14:51 | Build | Archery Range |
| 15:02 | Create | Archer |
| 15:34 | Create | Archer |
| 15:35 | Create | Archer |
| 15:41 | Build | Farm |
| 15:42 | Build | Farm |
| 15:45 | Create | Archer |
| 15:46 | Create | Archer |
| 15:55 | Build | Farm |
| 16:02 | Create | Archer |
| 16:02 | Create | Archer |
| 16:15 | Build | Farm |
| 16:34 | Create | Archer |
| 16:40 | Build | Farm |
| 16:53 | Build | Farm |
| 16:54 | Create | Archer |
| 16:55 | Create | Archer |
| 17:21 | Create | Archer |
| 17:21 | Create | Archer |
| 17:38 | Research | Fletching |
| 17:39 | Create | Archer |
| 17:40 | Create | Archer |
| 18:12 | Create | Archer |
| 18:13 | Create | Archer |
| 18:17 | Create | Villager (Male) |
| 18:36 | Create | Archer |
| 18:37 | Create | Villager (Male) |
| 18:37 | Create | Villager (Male) |
| 19:04 | Create | Villager (Male) |
| 19:04 | Create | Villager (Male) |
| 19:09 | Build | Farm |
| 19:10 | Build | Farm |
| 19:21 | Create | Villager (Male) |
| 19:23 | Create | Archer |
| 19:23 | Create | Archer |
| 19:58 | Create | Villager (Male) |
| 20:03 | Create | Archer |
| 20:03 | Create | Archer |
| 20:04 | Create | Villager (Male) |
| 20:09 | Build | Market |
| 20:11 | Build | Farm |
| 20:53 | Create | Archer |
| 20:54 | Create | Archer |
| 20:54 | Create | Villager (Male) |
| 20:56 | Create | Villager (Male) |
| 21:14 | Create | Villager (Male) |
| 21:39 | Create | Villager (Male) |
| 21:45 | Build | Farm |
| 21:46 | Build | Farm |
| 21:47 | Build | Farm |
| 21:49 | Build | Farm |
Build order — prahappy
96 actions detected in the replay
| 0:24 | Build | Town Center |
| 2:21 | Build | House |
| 2:21 | Create | Villager (Male) |
| 2:22 | Create | Villager (Male) |
| 2:22 | Create | Villager (Male) |
| 2:24 | Create | Villager (Male) |
| 2:24 | Create | Villager (Male) |
| 3:30 | Create | Villager (Male) |
| 3:30 | Create | Villager (Male) |
| 3:52 | Create | Villager (Male) |
| 3:52 | Create | Villager (Male) |
| 4:25 | Create | Villager (Male) |
| 5:05 | Build | House |
| 5:09 | Create | Villager (Male) |
| 5:09 | Create | Villager (Male) |
| 5:22 | Build | Lumber Camp |
| 5:33 | Create | Villager (Male) |
| 5:33 | Create | Villager (Male) |
| 5:50 | Create | Villager (Male) |
| 5:51 | Create | Villager (Male) |
| 6:01 | Build | House |
| 6:28 | Create | Villager (Male) |
| 6:28 | Create | Villager (Male) |
| 6:28 | Create | Villager (Male) |
| 6:29 | Create | Villager (Male) |
| 6:34 | Create | Villager (Male) |
| 7:12 | Create | Villager (Male) |
| 7:52 | Research | Loom |
| 7:52 | Research | Loom |
| 8:06 | Create | Villager (Male) |
| 8:06 | Create | Villager (Male) |
| 8:09 | Create | Villager (Male) |
| 8:10 | Create | Villager (Male) |
| 8:10 | Create | Villager (Male) |
| 8:33 | Create | Villager (Male) |
| 8:45 | Create | Villager (Male) |
| 9:05 | Build | House |
| 9:33 | Create | Villager (Male) |
| 9:54 | Build | Mill |
| 9:59 | Create | Villager (Male) |
| 10:52 | Build | Mining Camp |
| 10:56 | Research | Feudal Age |
| 10:56 | Research | Feudal Age |
| 13:23 | Age | Feudal Age |
| 13:24 | Build | Market |
| 13:28 | Create | Villager (Male) |
| 13:47 | Build | Blacksmith |
| 13:50 | Create | Villager (Male) |
| 14:23 | Research | Castle Age |
| 14:23 | Research | Castle Age |
| 14:34 | Build | Mining Camp |
| 14:48 | Research | Double-Bit Axe |
| 15:08 | Research | Stone Mining |
| 15:08 | Research | Stone Mining |
| 15:26 | Build | House |
| 17:03 | Age | Castle Age |
| 17:06 | Research | Bow Saw |
| 17:06 | Research | Bow Saw |
| 17:09 | Create | Villager (Male) |
| 17:29 | Create | Villager (Male) |
| 17:42 | Build | Town Center |
| 17:46 | Create | Villager (Male) |
| 18:31 | Build | Castle |
| 18:36 | Create | Villager (Male) |
| 18:52 | Build | Farm |
| 19:09 | Create | Villager (Male) |
| 19:13 | Build | Farm |
| 19:13 | Build | Farm |
| 19:14 | Build | Farm |
| 19:17 | Create | Villager (Male) |
| 19:34 | Build | Mill |
| 19:38 | Build | Farm |
| 19:41 | Build | Farm |
| 19:44 | Build | Farm |
| 19:58 | Create | Conquistador |
| 19:59 | Create | Conquistador |
| 20:03 | Create | Villager (Male) |
| 20:17 | Create | Villager (Male) |
| 20:31 | Create | Conquistador |
| 20:32 | Create | Conquistador |
| 20:41 | Build | Farm |
| 20:44 | Create | Conquistador |
| 20:45 | Create | Conquistador |
| 20:53 | Build | Farm |
| 20:54 | Build | Farm |
| 20:57 | Create | Conquistador |
| 20:57 | Create | Conquistador |
| 21:09 | Create | Villager (Male) |
| 21:24 | Create | Conquistador |
| 21:24 | Create | Conquistador |
| 21:34 | Create | Villager (Male) |
| 21:47 | Create | Conquistador |
| 22:12 | Create | Conquistador |
| 22:19 | Create | Villager (Male) |
| 22:20 | Create | Villager (Male) |
| 22:38 | Create | Villager (Male) |
Build order — king of the North
94 actions detected in the replay
| 0:09 | Build | Town Center |
| 2:07 | Build | House |
| 2:18 | Create | Villager (Male) |
| 2:18 | Create | Villager (Male) |
| 2:18 | Create | Villager (Male) |
| 2:19 | Create | Villager (Male) |
| 2:19 | Create | Villager (Male) |
| 3:26 | Create | Villager (Male) |
| 3:26 | Create | Villager (Male) |
| 3:45 | Create | Villager (Male) |
| 4:19 | Create | Villager (Male) |
| 4:38 | Create | Villager (Male) |
| 4:41 | Build | House |
| 4:53 | Create | Villager (Male) |
| 5:17 | Create | Villager (Male) |
| 5:56 | Build | House |
| 6:10 | Create | Villager (Male) |
| 6:16 | Create | Villager (Male) |
| 6:36 | Create | Villager (Male) |
| 7:02 | Build | Lumber Camp |
| 7:23 | Create | Villager (Male) |
| 7:46 | Create | Villager (Male) |
| 8:18 | Build | House |
| 8:31 | Create | Villager (Male) |
| 8:38 | Build | Mill |
| 9:03 | Research | Loom |
| 9:32 | Research | Feudal Age |
| 9:39 | Build | Outpost |
| 10:18 | Build | Barracks |
| 10:24 | Build | Palisade Wall |
| 10:24 | Build | Palisade Wall |
| 10:27 | Build | Palisade Wall |
| 10:31 | Build | Palisade Wall |
| 10:53 | Create | Villager (Male) |
| 10:54 | Create | Villager (Male) |
| 11:42 | Age | Feudal Age |
| 11:57 | Build | Outpost |
| 11:59 | Build | Outpost |
| 12:01 | Research | Town Watch |
| 12:04 | Research | Double-Bit Axe |
| 12:05 | Create | Villager (Male) |
| 12:11 | Create | Spearman |
| 12:22 | Build | Outpost |
| 12:28 | Build | Outpost |
| 12:31 | Create | Villager (Male) |
| 12:42 | Create | Spearman |
| 12:56 | Build | House |
| 13:05 | Create | Spearman |
| 13:27 | Create | Villager (Male) |
| 13:29 | Create | Spearman |
| 13:43 | Build | Outpost |
| 13:48 | Build | Palisade Wall |
| 13:53 | Build | Palisade Wall |
| 13:59 | Create | Villager (Male) |
| 13:59 | Create | Villager (Male) |
| 14:04 | Create | Spearman |
| 14:22 | Build | House |
| 14:37 | Build | Mining Camp |
| 14:46 | Build | Palisade Gate |
| 14:49 | Create | Villager (Male) |
| 14:49 | Create | Villager (Male) |
| 14:58 | Build | Farm |
| 14:59 | Build | Farm |
| 15:28 | Build | Farm |
| 15:29 | Create | Villager (Male) |
| 15:30 | Create | Spearman |
| 15:56 | Create | Villager (Male) |
| 16:07 | Build | House |
| 16:11 | Build | Farm |
| 16:24 | Create | Villager (Male) |
| 16:39 | Build | Farm |
| 16:41 | Build | Farm |
| 16:44 | Build | Farm |
| 16:59 | Build | Farm |
| 17:02 | Create | Villager (Male) |
| 17:14 | Build | House |
| 17:16 | Create | Villager (Male) |
| 17:20 | Build | Mining Camp |
| 17:30 | Build | Palisade Wall |
| 17:40 | Build | House |
| 17:55 | Build | Blacksmith |
| 17:57 | Create | Villager (Male) |
| 18:17 | Build | Farm |
| 18:36 | Build | Market |
| 18:47 | Build | Farm |
| 19:18 | Build | Farm |
| 19:25 | Build | Farm |
| 19:58 | Research | Castle Age |
| 19:58 | Research | Castle Age |
| 20:47 | Research | Fletching |
| 20:59 | Create | Villager (Male) |
| 21:00 | Create | Villager (Male) |
| 21:19 | Research | Horse Collar |
| 21:19 | Research | Horse Collar |
Build order — Lucky23
104 actions detected in the replay
| 0:08 | Build | Town Center |
| 0:22 | Build | House |
| 2:16 | Create | Villager (Male) |
| 2:17 | Create | Villager (Male) |
| 2:17 | Create | Villager (Male) |
| 2:22 | Create | Villager (Male) |
| 3:17 | Create | Villager (Male) |
| 3:17 | Create | Villager (Male) |
| 3:32 | Create | Villager (Male) |
| 3:33 | Create | Villager (Male) |
| 3:42 | Build | House |
| 4:23 | Create | Villager (Male) |
| 4:24 | Create | Villager (Male) |
| 4:32 | Create | Villager (Male) |
| 4:37 | Build | House |
| 4:44 | Build | Lumber Camp |
| 4:55 | Create | Villager (Male) |
| 4:55 | Create | Villager (Male) |
| 5:50 | Create | Villager (Male) |
| 5:50 | Create | Villager (Male) |
| 6:11 | Create | Villager (Male) |
| 6:16 | Create | Villager (Male) |
| 6:26 | Research | Double-Bit Axe |
| 6:27 | Create | Villager (Male) |
| 6:27 | Create | Villager (Male) |
| 6:57 | Create | Villager (Male) |
| 7:27 | Create | Villager (Male) |
| 7:44 | Create | Villager (Male) |
| 8:03 | Create | Villager (Male) |
| 8:11 | Build | House |
| 8:25 | Build | House |
| 8:34 | Create | Villager (Male) |
| 8:55 | Create | Villager (Male) |
| 9:04 | Build | Mill |
| 9:17 | Create | Villager (Male) |
| 9:41 | Research | Feudal Age |
| 10:31 | Build | Mining Camp |
| 11:22 | Build | House |
| 11:53 | Build | Barracks |
| 11:57 | Age | Feudal Age |
| 12:01 | Create | Villager (Male) |
| 12:04 | Create | Villager (Male) |
| 12:09 | Create | Villager (Male) |
| 12:13 | Research | Loom |
| 12:24 | Build | Palisade Gate |
| 12:26 | Build | Palisade Wall |
| 12:28 | Build | Palisade Wall |
| 12:31 | Create | Villager (Male) |
| 12:39 | Create | Flemish Militia |
| 12:46 | Build | Blacksmith |
| 12:51 | Create | Villager (Male) |
| 12:56 | Create | Villager (Male) |
| 13:20 | Create | Villager (Male) |
| 13:31 | Create | Villager (Male) |
| 13:39 | Build | Archery Range |
| 13:46 | Create | Flemish Militia |
| 13:58 | Research | Bow Saw |
| 13:59 | Create | Villager (Male) |
| 14:21 | Create | Flemish Militia |
| 14:26 | Create | Villager (Male) |
| 14:41 | Create | Villager (Male) |
| 14:51 | Create | Flemish Militia |
| 14:58 | Build | House |
| 15:35 | Create | Villager (Male) |
| 15:55 | Build | House |
| 15:56 | Build | Palisade Wall |
| 16:00 | Research | Horse Collar |
| 16:11 | Create | Villager (Male) |
| 16:15 | Build | Farm |
| 16:32 | Build | House |
| 16:40 | Create | Villager (Male) |
| 16:42 | Build | Farm |
| 16:43 | Create | Villager (Male) |
| 16:52 | Create | Villager (Male) |
| 16:54 | Build | Farm |
| 17:02 | Build | Farm |
| 17:14 | Build | Market |
| 17:36 | Create | Villager (Male) |
| 17:51 | Create | Skirmisher |
| 17:59 | Build | House |
| 18:06 | Build | Farm |
| 18:32 | Research | Castle Age |
| 18:35 | Build | Farm |
| 18:53 | Create | Flemish Militia |
| 18:53 | Create | Flemish Militia |
| 19:04 | Create | Skirmisher |
| 19:06 | Research | Fletching |
| 19:16 | Build | Palisade Wall |
| 19:22 | Research | Gold Mining |
| 20:36 | Create | Villager (Male) |
| 21:00 | Create | Skirmisher |
| 21:00 | Create | Skirmisher |
| 21:03 | Research | Padded Archer Armor |
| 21:12 | Age | Castle Age |
| 21:18 | Build | Town Center |
| 21:20 | Create | Villager (Male) |
| 21:45 | Build | Town Center |
| 21:56 | Create | Flemish Militia |
| 22:05 | Create | Cavalry Archer |
| 22:27 | Create | Villager (Male) |
| 22:39 | Create | Villager (Male) |
| 22:41 | Create | Villager (Male) |
| 22:44 | Create | Villager (Male) |
| 22:45 | Create | Villager (Male) |
Build order — pokka86
93 actions detected in the replay
| 0:54 | Build | Town Center |
| 1:59 | Build | House |
| 2:53 | Create | Villager (Male) |
| 2:53 | Create | Villager (Male) |
| 2:53 | Create | Villager (Male) |
| 2:54 | Create | Villager (Male) |
| 2:54 | Create | Villager (Male) |
| 2:54 | Create | Villager (Male) |
| 3:48 | Research | Loom |
| 3:49 | Create | Villager (Male) |
| 3:49 | Create | Villager (Male) |
| 4:05 | Create | Villager (Male) |
| 4:26 | Create | Villager (Male) |
| 4:26 | Create | Villager (Male) |
| 5:00 | Create | Villager (Male) |
| 5:00 | Create | Villager (Male) |
| 5:03 | Build | Lumber Camp |
| 5:22 | Create | Villager (Male) |
| 5:23 | Create | Villager (Male) |
| 5:59 | Create | Villager (Male) |
| 5:59 | Create | Villager (Male) |
| 6:06 | Build | House |
| 7:29 | Build | Mill |
| 7:35 | Create | Villager (Male) |
| 7:35 | Create | Villager (Male) |
| 8:06 | Create | Villager (Male) |
| 8:22 | Create | Villager (Male) |
| 8:22 | Create | Villager (Male) |
| 8:30 | Build | House |
| 10:12 | Create | Villager (Male) |
| 10:37 | Research | Feudal Age |
| 10:38 | Research | Feudal Age |
| 11:13 | Build | House |
| 11:48 | Build | House |
| 11:56 | Create | Villager (Male) |
| 12:22 | Build | Barracks |
| 12:47 | Age | Feudal Age |
| 12:51 | Create | Villager (Male) |
| 13:06 | Research | Double-Bit Axe |
| 13:39 | Build | Stable |
| 13:49 | Create | Villager (Male) |
| 13:50 | Create | Villager (Male) |
| 14:12 | Build | Mill |
| 14:25 | Build | Mill |
| 14:32 | Create | Villager (Male) |
| 14:35 | Create | Scout Cavalry |
| 14:35 | Create | Scout Cavalry |
| 14:39 | Build | House |
| 14:45 | Create | Spearman |
| 14:48 | Create | Villager (Male) |
| 15:14 | Build | Mill |
| 15:26 | Create | Villager (Male) |
| 15:28 | Create | Scout Cavalry |
| 15:29 | Create | Scout Cavalry |
| 15:31 | Create | Villager (Male) |
| 15:47 | Create | Villager (Male) |
| 16:08 | Build | Stable |
| 16:17 | Create | Villager (Male) |
| 16:33 | Create | Scout Cavalry |
| 16:33 | Create | Scout Cavalry |
| 16:35 | Create | Scout Cavalry |
| 16:54 | Create | Villager (Male) |
| 16:54 | Create | Villager (Male) |
| 16:58 | Build | House |
| 17:02 | Create | Scout Cavalry |
| 17:02 | Create | Scout Cavalry |
| 17:25 | Build | Mill |
| 17:40 | Build | House |
| 17:43 | Build | House |
| 17:57 | Create | Scout Cavalry |
| 17:57 | Create | Scout Cavalry |
| 18:03 | Create | Villager (Male) |
| 18:03 | Create | Villager (Male) |
| 18:14 | Build | Palisade Gate |
| 18:16 | Build | Palisade Wall |
| 18:39 | Create | Scout Cavalry |
| 18:39 | Create | Scout Cavalry |
| 18:39 | Create | Scout Cavalry |
| 18:40 | Create | Villager (Male) |
| 18:40 | Create | Villager (Male) |
| 18:48 | Create | Villager (Male) |
| 19:16 | Create | Scout Cavalry |
| 19:16 | Create | Scout Cavalry |
| 19:18 | Create | Villager (Male) |
| 19:27 | Build | Mining Camp |
| 20:16 | Create | Scout Cavalry |
| 20:16 | Create | Scout Cavalry |
| 20:16 | Create | Scout Cavalry |
| 20:17 | Create | Scout Cavalry |
| 20:17 | Create | Scout Cavalry |
| 20:48 | Build | Mill |
| 21:29 | Create | Villager (Male) |
| 21:32 | Research | Wheelbarrow |
Build order — Topspin
120 actions detected in the replay
| 0:41 | Build | Town Center |
| 2:16 | Build | House |
| 2:37 | Create | Villager (Male) |
| 2:37 | Create | Villager (Male) |
| 2:38 | Create | Villager (Male) |
| 2:38 | Create | Villager (Male) |
| 2:38 | Create | Villager (Male) |
| 3:43 | Create | Villager (Male) |
| 3:43 | Create | Villager (Male) |
| 4:27 | Build | House |
| 4:46 | Create | Villager (Male) |
| 4:47 | Create | Villager (Male) |
| 4:47 | Create | Villager (Male) |
| 5:22 | Build | Lumber Camp |
| 5:42 | Create | Villager (Male) |
| 6:18 | Create | Villager (Male) |
| 6:20 | Create | Villager (Male) |
| 6:40 | Build | House |
| 6:46 | Create | Villager (Male) |
| 7:04 | Create | Villager (Male) |
| 7:32 | Create | Villager (Male) |
| 7:34 | Create | Villager (Male) |
| 8:18 | Build | Mill |
| 8:35 | Research | Loom |
| 8:35 | Research | Loom |
| 9:27 | Research | Feudal Age |
| 9:27 | Research | Feudal Age |
| 9:50 | Build | Barracks |
| 10:05 | Build | House |
| 10:27 | Build | House |
| 11:28 | Create | Villager (Male) |
| 11:37 | Age | Feudal Age |
| 11:38 | Build | Stable |
| 11:47 | Research | Double-Bit Axe |
| 11:47 | Research | Double-Bit Axe |
| 11:55 | Create | Villager (Male) |
| 12:07 | Build | Palisade Gate |
| 12:10 | Create | Villager (Male) |
| 12:22 | Build | House |
| 12:25 | Create | Scout Cavalry |
| 12:25 | Create | Scout Cavalry |
| 12:28 | Create | Scout Cavalry |
| 12:29 | Create | Scout Cavalry |
| 12:35 | Build | House |
| 12:37 | Build | Palisade Wall |
| 12:43 | Create | Scout Cavalry |
| 12:45 | Create | Villager (Male) |
| 12:50 | Research | Horse Collar |
| 12:50 | Research | Horse Collar |
| 12:50 | Research | Horse Collar |
| 12:58 | Create | Villager (Male) |
| 13:15 | Build | Farm |
| 13:17 | Create | Scout Cavalry |
| 13:17 | Create | Scout Cavalry |
| 13:18 | Create | Scout Cavalry |
| 13:26 | Build | Farm |
| 13:31 | Create | Villager (Male) |
| 13:43 | Build | Palisade Wall |
| 14:08 | Create | Villager (Male) |
| 14:10 | Build | Farm |
| 14:21 | Create | Villager (Male) |
| 14:23 | Build | Farm |
| 14:30 | Create | Scout Cavalry |
| 14:30 | Create | Scout Cavalry |
| 14:36 | Build | House |
| 14:37 | Build | Palisade Wall |
| 14:47 | Build | Mining Camp |
| 14:48 | Create | Villager (Male) |
| 15:10 | Create | Villager (Male) |
| 15:13 | Build | Farm |
| 15:16 | Build | Farm |
| 15:23 | Create | Villager (Male) |
| 15:25 | Build | Archery Range |
| 15:45 | Create | Scout Cavalry |
| 15:45 | Create | Scout Cavalry |
| 15:55 | Create | Villager (Male) |
| 15:57 | Build | Farm |
| 16:13 | Create | Archer |
| 16:13 | Create | Archer |
| 16:17 | Build | Blacksmith |
| 16:24 | Create | Scout Cavalry |
| 16:25 | Create | Scout Cavalry |
| 16:32 | Create | Villager (Male) |
| 16:44 | Create | Archer |
| 16:45 | Create | Archer |
| 16:46 | Create | Villager (Male) |
| 17:18 | Build | House |
| 17:22 | Create | Villager (Male) |
| 17:30 | Create | Archer |
| 17:30 | Create | Archer |
| 17:34 | Build | House |
| 17:45 | Create | Skirmisher |
| 17:52 | Build | Watch Tower |
| 17:58 | Create | Skirmisher |
| 18:07 | Create | Villager (Male) |
| 18:13 | Create | Archer |
| 18:23 | Build | Lumber Camp |
| 18:34 | Create | Archer |
| 18:44 | Build | House |
| 18:47 | Build | House |
| 18:53 | Build | House |
| 18:57 | Build | House |
| 19:02 | Create | Archer |
| 19:17 | Create | Archer |
| 19:57 | Build | House |
| 20:53 | Create | Villager (Male) |
| 20:54 | Create | Villager (Male) |
| 20:57 | Build | Archery Range |
| 21:11 | Create | Villager (Male) |
| 21:15 | Build | Market |
| 21:22 | Create | Skirmisher |
| 21:25 | Build | Archery Range |
| 21:27 | Create | Villager (Male) |
| 21:32 | Create | Skirmisher |
| 21:35 | Create | Villager (Male) |
| 21:46 | Create | Skirmisher |
| 21:47 | Create | Skirmisher |
| 21:52 | Create | Villager (Male) |
| 21:56 | Create | Skirmisher |
| 22:06 | Create | Archer |
Build order — N3mu
99 actions detected in the replay
| 0:21 | Build | Town Center |
| 2:34 | Create | Villager (Male) |
| 2:35 | Create | Villager (Male) |
| 2:35 | Create | Villager (Male) |
| 2:35 | Create | Villager (Male) |
| 2:53 | Build | House |
| 3:57 | Create | Villager (Male) |
| 4:01 | Build | House |
| 4:25 | Create | Villager (Male) |
| 4:56 | Create | Villager (Male) |
| 5:19 | Create | Villager (Male) |
| 5:38 | Create | Villager (Male) |
| 5:44 | Build | House |
| 6:04 | Create | Villager (Male) |
| 6:17 | Build | Lumber Camp |
| 6:24 | Create | Villager (Male) |
| 6:35 | Create | Villager (Male) |
| 7:19 | Create | Villager (Male) |
| 7:36 | Create | Villager (Male) |
| 8:00 | Create | Villager (Male) |
| 8:17 | Build | House |
| 8:39 | Create | Villager (Male) |
| 9:01 | Build | Mill |
| 9:02 | Create | Villager (Male) |
| 9:34 | Research | Loom |
| 10:15 | Research | Feudal Age |
| 10:15 | Research | Feudal Age |
| 10:47 | Build | Barracks |
| 11:06 | Build | Mill |
| 11:37 | Build | House |
| 12:25 | Age | Feudal Age |
| 12:28 | Create | Villager (Male) |
| 12:31 | Build | Stable |
| 12:41 | Research | Double-Bit Axe |
| 12:41 | Research | Double-Bit Axe |
| 12:41 | Research | Double-Bit Axe |
| 12:42 | Create | Villager (Male) |
| 12:48 | Create | Spearman |
| 13:15 | Create | Villager (Male) |
| 13:18 | Create | Scout Cavalry |
| 13:18 | Create | Scout Cavalry |
| 13:20 | Build | Farm |
| 13:21 | Build | Farm |
| 13:26 | Build | House |
| 13:32 | Build | Palisade Wall |
| 13:44 | Create | Scout Cavalry |
| 13:44 | Create | Scout Cavalry |
| 13:56 | Create | Villager (Male) |
| 13:58 | Create | Scout Cavalry |
| 13:58 | Create | Scout Cavalry |
| 14:02 | Build | House |
| 14:25 | Build | Farm |
| 14:27 | Build | Farm |
| 14:32 | Create | Scout Cavalry |
| 14:46 | Build | Farm |
| 14:53 | Create | Villager (Male) |
| 14:53 | Create | Villager (Male) |
| 14:53 | Create | Villager (Male) |
| 15:25 | Create | Villager (Male) |
| 15:28 | Build | Farm |
| 15:34 | Create | Spearman |
| 16:00 | Create | Villager (Male) |
| 16:04 | Build | House |
| 16:36 | Create | Villager (Male) |
| 16:40 | Build | Blacksmith |
| 17:05 | Create | Villager (Male) |
| 17:23 | Build | Farm |
| 17:26 | Build | Farm |
| 17:33 | Build | Archery Range |
| 17:35 | Create | Villager (Male) |
| 17:56 | Build | Farm |
| 18:04 | Create | Villager (Male) |
| 18:10 | Build | Mining Camp |
| 18:17 | Create | Spearman |
| 19:00 | Build | Watch Tower |
| 19:06 | Research | Castle Age |
| 19:06 | Research | Castle Age |
| 19:29 | Build | Archery Range |
| 20:10 | Research | Fletching |
| 20:10 | Research | Fletching |
| 20:11 | Research | Bloodlines |
| 20:11 | Research | Bloodlines |
| 21:34 | Research | Gold Mining |
| 21:34 | Research | Gold Mining |
| 21:35 | Research | Horse Collar |
| 21:35 | Research | Horse Collar |
| 21:46 | Age | Castle Age |
| 21:50 | Research | Bodkin Arrow |
| 21:51 | Research | Bodkin Arrow |
| 21:51 | Create | Cavalry Archer |
| 21:52 | Create | Cavalry Archer |
| 21:52 | Create | Cavalry Archer |
| 21:52 | Create | Cavalry Archer |
| 21:52 | Create | Cavalry Archer |
| 21:53 | Create | Villager (Male) |
| 22:07 | Research | Husbandry |
| 22:07 | Research | Husbandry |
| 22:08 | Create | Villager (Male) |
| 22:09 | Build | Farm |
Match timeline
| 1:50 | kingprodios · wall_segment Palisade Wall x1 |
| 1:52 | kingprodios · wall_segment Palisade Wall x1 |
| 1:53 | kingprodios · wall_segment Palisade Wall x1 |
| 1:55 | kingprodios · wall_segment Palisade Wall x1 |
| 9:50 | Topspin · first_building Barracks |
| 10:18 | king of the North · first_building Barracks |
| 10:24 | king of the North · wall_segment Palisade Wall x1 |
| 10:24 | king of the North · wall_segment Palisade Wall x1 |
| 10:27 | king of the North · wall_segment Palisade Wall x2 |
| 10:31 | king of the North · wall_segment Palisade Wall x3 |
| 10:47 | N3mu · first_building Barracks |
| 11:03 | Simon Stokvis · first_building Barracks |
| 11:37 | Topspin · age_up feudal |
| 11:38 | Topspin · first_building Stable |
| 11:42 | king of the North · age_up feudal |
| 11:53 | Lucky23 · first_building Barracks |
| 11:57 | Lucky23 · age_up feudal |
| 12:22 | pokka86 · first_building Barracks |
| 12:25 | N3mu · age_up feudal |
| 12:26 | Lucky23 · wall_segment Palisade Wall x8 |
| 12:28 | Lucky23 · wall_segment Palisade Wall x4 |
| 12:31 | N3mu · first_building Stable |
| 12:36 | kingprodios · first_building Barracks |
| 12:37 | Topspin · wall_segment Palisade Wall x5 |
| 12:47 | Simon Stokvis · wall_segment Palisade Wall x8 |
| 12:47 | pokka86 · age_up feudal |
| 13:04 | Simon Stokvis · age_up feudal |
| 13:08 | Simon Stokvis · first_building Archery Range |
| 13:23 | prahappy · age_up feudal |
| 13:32 | N3mu · wall_segment Palisade Wall x6 |
| 13:39 | Lucky23 · first_building Archery Range |
| 13:39 | pokka86 · first_building Stable |
| 13:41 | kingprodios · wall_segment Palisade Wall x1 |
| 13:42 | kingprodios · wall_segment Palisade Wall x1 |
| 13:43 | Simon Stokvis · wall_segment Palisade Wall x1 |
| 13:43 | Topspin · wall_segment Palisade Wall x5 |
| 13:44 | Simon Stokvis · wall_segment Palisade Wall x1 |
| 13:44 | Simon Stokvis · wall_segment Palisade Wall x1 |
| 13:48 | king of the North · wall_segment Palisade Wall x5 |
| 13:50 | kingprodios · wall_segment Palisade Wall x1 |
| 13:53 | king of the North · wall_segment Palisade Wall x6 |
| 13:56 | kingprodios · age_up feudal |
| 13:58 | kingprodios · wall_segment Palisade Wall x1 |
| 14:22 | prahappy · first_market_sell 100 food |
| 14:37 | Topspin · wall_segment Palisade Wall x4 |
| 15:04 | kingprodios · first_building Archery Range |
| 15:25 | Topspin · first_building Archery Range |
| 15:56 | Lucky23 · wall_segment Palisade Wall x4 |
| 17:03 | prahappy · age_up castle |
| 17:30 | king of the North · wall_segment Palisade Wall x1 |
| 17:33 | N3mu · first_building Archery Range |
| 17:53 | prahappy · first_market_buy 100 stone |
| 18:16 | pokka86 · wall_segment Palisade Wall x12 |
| 18:31 | prahappy · first_building Castle |
| 18:50 | Lucky23 · first_market_buy 100 food |
| 19:16 | Lucky23 · wall_segment Palisade Wall x1 |
| 21:12 | Lucky23 · age_up castle |
| 21:46 | N3mu · age_up castle |
| 22:10 | kingprodios · resign |
[ AI ANALYSIS · 1 CREDIT ]
What really happened in this match?
Wolo.gg analyzes every decision: build order, eco, micro, common mistakes by bracket. Personalized analysis on WhatsApp or Discord in 30 seconds.
Civ guide
Italians
Perfil
Jugador #4562699